 Dungeon Crawl Stone Soup version 0.28-a0-1524-ge72afd5fc6 (webtiles) character file.

Game seed: 9576121751202952391

2795 sbbq2022 the Reanimator (level 9, -8/68 HPs)
             Began as a Demigod Necromancer on Jan 17, 2022.
             Mangled by a manticore (22 damage)
             ... on level 7 of the Dungeon.
             The game lasted 00:13:25 (11183 turns).

sbbq2022 the Reanimator (Demigod Necromancer)      Turns: 11183, Time: 00:13:25

Health: -8/68      AC:  6    Str:  9    XL:     9   Next: 20%
Magic:  9/21       EV: 13    Int: 29    God:
Gold:   267        SH:  0    Dex: 14    Spells: 10/19 levels left

rFire   . . .      SeeInvis .   a - +9 mace of the Pyrrhic Victory {venom, rC+}
rCold   + . .      Faith    .   (no shield)
rNeg    . . .      Spirit   .   D - +0 robe
rPois   .          Reflect  .   s - +2 helmet
rElec   .          Harm     .   (no cloak)
rCorr   .          Rampage  .   v - +0 pair of gloves
Will    .....                   (no boots)
Stlth   ++........              q - amulet of the acrobat
HPRegen 0.21/turn               n - ring of flight
MPRegen 0.17/turn               (no ring)

@: flying
A: high mp 1, forlorn, divine attributes
a: no special abilities


You were on level 7 of the Dungeon.
You visited 1 branch of the dungeon, and saw 7 of its levels.

You collected 267 gold pieces.

Inventory:

Hand Weapons
 a - the +9 mace of the Pyrrhic Victory (weapon) {venom, rC+}
   (You found it on level 7 of the Dungeon)

   It poisons the flesh of those it strikes.
   rC:        It protects you from cold.
Missiles
 b - 2 throwing nets
Armour
 s - a +2 helmet (worn)
 v - a +0 pair of gloves (worn)
 D - a +0 robe (worn)
Jewellery
 n - a ring of flight (left hand)
 q - an amulet of the acrobat (around neck)
Wands
 o - a wand of iceblast (4)
 C - a wand of digging (3)
Scrolls
 c - 2 scrolls of enchant weapon {unknown}
 e - 4 scrolls of identify {unknown}
 g - a scroll of amnesia {unknown}
 i - a scroll of holy word {unknown}
 j - 5 scrolls of fog {unknown}
 r - 2 scrolls of blinking {unknown}
 t - 3 scrolls of teleportation {unknown}
 u - 2 scrolls of magic mapping {unknown}
 w - 2 scrolls of fear {unknown}
 y - a scroll of torment {unknown}
Potions
 d - a potion of curing {unknown}
 f - 2 potions of flight
 h - 2 potions of magic {unknown}
 k - a potion of heal wounds
 l - a potion of cancellation {unknown}
 m - a potion of lignification {unknown}
 p - 2 potions of attraction {unknown}
 x - a potion of haste {unknown}
 z - a potion of mutation {unknown}


   Skills:
 + Level 2.4 Fighting
 + Level 2.4 Armour
 + Level 3.1 Dodging
 - Level 1.7 Stealth
 + Level 5.6 Spellcasting
 * Level 9.3 Necromancy
 * Level 3.4 Earth Magic


You had 10 spell levels left.
You knew the following spells:

 Your Spells              Type           Power      Damage    Failure   Level
a - Pain                  Necr           100%       1d9       1%          1
b - Vampiric Draining     Necr           58%        2d10      1%          3
c - Borgnjor's Vile Clut  Necr/Erth      22%        N/A       12%         5

Your spell library contained the following spells:

 Spells                   Type           Power      Damage    Failure   Level
 Animate Skeleton         Necr           100%       N/A       1%          1
 Animate Dead             Necr           29%        N/A       1%          4
 Agony                    Necr           58%        N/A       3%          5
 Slow                     Hex            32%        N/A       6%          1
 Confusing Touch          Hex            8%         N/A       19%         3
 Gell's Gravitas          Tloc           8%         N/A       19%         3
 Lesser Beckoning         Tloc           8%         N/A       19%         3
 Teleport Other           Tloc           8%         N/A       19%         3
 Death Channel            Necr           29%        N/A       21%         6
 Simulacrum               Ice/Necr       17%        N/A       80%         6
 Freezing Cloud           Conj/Ice/Air   4%         6-21      86%         5
 Polar Vortex             Ice            4%         N/A       100%        9


Dungeon Overview and Level Annotations

Branches:
Dungeon (7/15)             Temple (0/1) D:6

Annotations:
D:7 1 runed translucent door, Crazy Yiuf


Innate Abilities, Weirdness & Mutations

You have an increased reservoir of magic. (+10% MP)
You shall have no god before yourself.
Your divine heritage dramatically boosts your attributes as you level up.


Message History

The manticore is lightly wounded.
The manticore closely misses you. The manticore claws you!
The manticore completely misses you. The manticore bites you!
The manticore claws you. The manticore closely misses you.
Casting: Vampiric Draining (safe; 1% risk of failure)
Confirm with . or Enter, or press ? or * to list all spells.
Aiming: Vampiric Draining (safe; 1% risk of failure)
Press: ? - help, Shift-Dir - straight line, f - manticore
Aim: a manticore (lightly wounded, very poisoned)
You draw life force from the manticore!
You feel life coursing into your body.
The manticore bites you but does no damage.
The manticore claws you but does no damage.
The manticore claws you!
Casting: Vampiric Draining (safe; 1% risk of failure)
Confirm with . or Enter, or press ? or * to list all spells.
Aiming: Vampiric Draining (safe; 1% risk of failure)
Press: ? - help, Shift-Dir - straight line, f/p - manticore
Aim: a manticore (moderately wounded, very poisoned)
You draw life force from the manticore!
You feel life coursing into your body. The manticore bites you.
The manticore completely misses you. The manticore misses you.
Unknown command.
Casting: Vampiric Draining (safe; 1% risk of failure)
Confirm with . or Enter, or press ? or * to list all spells.
Aiming: Vampiric Draining (safe; 1% risk of failure)
Press: ? - help, Shift-Dir - straight line, f/p - manticore
Aim: a manticore (heavily wounded, poisoned)
You draw life force from the manticore.
You feel life coursing into your body. The manticore bites you!!
* * * LOW HITPOINT WARNING * * *
The manticore closely misses you.
The manticore claws you but does no damage.
Casting: Vampiric Draining (safe; 1% risk of failure)
Confirm with . or Enter, or press ? or * to list all spells.
Aiming: Vampiric Draining (safe; 1% risk of failure)
Press: ? - help, Shift-Dir - straight line, f/p - manticore
Aim: a manticore (severely wounded, poisoned)
You draw life force from the manticore!
You feel life coursing into your body. The manticore bites you!!
You die...

..........# #.# #.#
##.###....####### #.#
#.# ##.#
######..'..###.# #.#
##.# #.)###..##.# #.##
##.# #.8#?#8.##.# #..#
##.#
####'##[##'##.#####.#
##.#
#.'.).#$#..8#....##.#
##.#
#.#8..#)+...#.......#
##.#
##.##+##(##@#####.####
##.###..## #?#8H# #.#
##)......# ##..# #.#
.######### +..## #.#
.# ### #### ..# .# #..
### .## #.# ..# #.#
..# #.#


You could see a manticore (poisoned).

Vanquished Creatures
  A komodo dragon (D:7)
  Prince Ribbit (D:5)
  Sigmund (D:2)
  A vampire mosquito (D:7)
  A water moccasin (D:7)
  An ice beast (D:6)
  An orc warrior (D:6)
  2 necrophages
  2 black bears
  3 ogres
  A centaur (D:7)
  2 scorpions (D:6)
  3 hounds
  3 orc priests
  2 bullfrog skeletons
  3 jellies
  A centaur skeleton (D:6)
  2 gnoll shamans (D:6)
  Terence (D:2)
  3 iguanas
  5 orc wizards
  16 gnolls
  A howler monkey skeleton (D:6)
  9 adders
  2 worms
  3 dart slugs
  13 orcs
  7 ball pythons
  3 bats
  7 endoplasms
  3 giant cockroaches
  5 goblins
  7 hobgoblins
  4 jackals (D:4)
  5 quokkas
  7 frilled lizards
  6 kobolds
  3 rats
141 creatures vanquished.

Vanquished Creatures (others)
  9 plants (D:4)
  2 withered plants (D:2)
11 creatures vanquished.

Grand Total: 152 creatures vanquished

Notes
Turn   | Place    | Note
-------+----------+-------------------------------------------
     0 | D:1      | sbbq2022 the Demigod Necromancer began the quest for the
                  | Orb.
     0 | D:1      | Reached XP level 1. HP: 14/14 MP: 5/5
   768 | D:1      | Reached skill level 4 in Necromancy
   768 | D:1      | Reached XP level 2. HP: 19/20 MP: 5/7
  1261 | D:2      | Noticed Terence
  1512 | D:2      | Noticed Sigmund
  2025 | D:2      | Reached XP level 3. HP: 8/26 MP: 2/9
  2253 | D:1      | Learned a level 3 spell: Vampiric Draining
  2927 | D:2      | Killed Sigmund
  2928 | D:2      | Reached skill level 5 in Necromancy
  2928 | D:2      | Reached XP level 4. HP: 32/33 MP: 1/11
  2928 | D:2      | Reached XP level 5. HP: 37/38 MP: 1/12
  3147 | D:2      | Killed Terence
  4209 | D:3      | You fall into a shaft and drop 1 floor!
  4285 | D:4      | Noticed a necrophage
  4308 | D:5      | Entered Level 5 of the Dungeon
  4519 | D:5      | Noticed an ogre
  4543 | D:4      | Reached skill level 6 in Necromancy
  4568 | D:4      | Reached XP level 6. HP: 31/43 MP: 7/14
  5856 | D:4      | Reached XP level 7. HP: 21/50 MP: 6/16
  6291 | D:5      | Reached skill level 7 in Necromancy
  7470 | D:5      | Noticed Prince Ribbit
  7481 | D:5      | Killed Prince Ribbit
  7482 | D:5      | Reached skill level 8 in Necromancy
  8002 | D:6      | Reached skill level 5 in Spellcasting
  8002 | D:6      | Reached XP level 8. HP: 28/57 MP: 11/19
  8577 | D:6      | Learned a level 5 spell: Borgnjor's Vile Clutch
  8633 | D:6      | Reached skill level 1 in Armour
  8633 | D:6      | Reached skill level 1 in Earth Magic
  8637 | D:6      | Reached skill level 1 in Fighting
  9417 | D:6      | Found a staircase to the Ecumenical Temple.
 10099 | D:6      | Reached skill level 9 in Necromancy
 10515 | D:7      | Found a runed translucent door.
 10516 | D:7      | Noticed Crazy Yiuf
 10614 | D:7      | Reached XP level 9. HP: 50/67 MP: 21/21
 10923 | D:7      | Identified the +9 mace of the Pyrrhic Victory {venom, rC+}
 10951 | D:7      | Noticed a manticore
 11127 | D:7      | Noticed a komodo dragon
 11135 | D:7      | Killed a komodo dragon
 11183 | D:7      | Mangled by a manticore

Illustrated notes

Levels and vault maps discovered:
D:1:      eino_arrival_druids_welcome, layout_basic, minmay_misc_feat_cross
D:2:      layout_basic, shapermc_ecumenical_altar_flowoftime, uniq_terence,
          uniq_sigmund
D:3:      layout_loops_ring, mainiacjoe_overflow_big_doors,
          nicolae_vehumet_radiance, st_stairs_1, corner_web_ring
D:4:      layout_rooms, minmay_lizard_king
D:5:      layout_gridville, nicolae_concentric_dashed_squares_mild,
          uniq_prince_ribbit1
D:6:      black_bear_nest_2, layout_basic, minmay_temple_entry_glass,
          kennysheep_generic_room_4
D:7:      minmay_chambers_of_sixes, layout_loops_ring, uniq_crazy_yiuf_cottage

Skill      XL: |  1  2  3  4  5  6  7  8  9 |
---------------+----------------------------+-----
Spellcasting   | 2 3 4 5 |  5.6
Necromancy     | 4 5 6 8 9 |  9.3
Dodging        | 2 3 |  3.1
Armour         | 2 |  2.4
Earth Magic    | 2 3 |  3.4
Fighting       | 2 |  2.4
Stealth        | |  1.7

Action                   |  1- 3 |  4- 6 |  7- 9 || total
-------------------------+-------+-------+-------++-------
Melee: Unarmed           |    21 |       |       ||    21
       Spear             |    21 |   165 |    34 ||   220
       Punch             |       |     4 |     1 ||     5
       Hand axe          |       |       |    68 ||    68
       War axe           |       |       |    77 ||    77
       Dagger            |       |       |    38 ||    38
       Mace              |       |       |    18 ||    18
 Cast: Pain              |    46 |    28 |    16 ||    90
       Vampiric Draining |     1 |    26 |    65 ||    92
Evoke: Wand              |       |     5 |     1 ||     6
  Use: Potion            |       |       |     2 ||     2
 Stab: Sleeping          |     3 |     1 |     2 ||     6
Armor: Robe              |    10 |    32 |    93 ||   135
Dodge: Dodged            |    24 |   132 |   224 ||   380

Table legend: (Time is in decaauts)
 A = Elapsed time spent in this place.
 B = Non-inter-level travel time spent in this place.
 C = Inter-level travel time spent in this place.
 D = Time resting spent in this place.
 E = Time spent auto-exploring this place.
 F = Levels seen in this place.
 G = Mean time per level.
                   A        B        C        D        E       F      G
               +--------+--------+--------+--------+--------+-----+--------+
         Total |  11285 |  10828 |    457 |   2699 |   6403 |   7 | 1612.1 |
       Dungeon |  11285 |  10828 |    457 |   2699 |   6403 |   7 | 1612.1 |
               +--------+--------+--------+--------+--------+-----+--------+

Top non-repeatable levels by time:
     D:6: 2190 daAuts
     D:1: 2140 daAuts
     D:2: 1663 daAuts
     D:5: 1626 daAuts
     D:4: 1348 daAuts
     D:3: 1242 daAuts
     D:7: 1073 daAuts
